PR
LONG ISLAND DUCKS @ TULSA OTTERS
06/23/2042
 
TOP OF THE 1ST
Long Island Ducks batting - Pitching for Tulsa Otters : LHP Benjamin Renninger
Pitching: LHP Benjamin Renninger
Batting: RHB George Samuels 0-0: Called Strike
0-1: Called Strike
0-2: Fly out, F6 (Line Drive, 6, EV 69.4 MPH)
Batting: RHB Abdul Razzad Zaimukhes 0-0: Swinging Strike
0-1: Ball
1-1: Ball
2-1: Ball
3-1: Ground out 4-3 (Groundball, 4S, EV 67.5 MPH)
Batting: RHB Alfredo Torres 0-0: Ball
1-0: Foul Ball, location: 2F
1-1: Ball
2-1: Foul Ball, location: 2F
2-2: Ball
3-2: SINGLE (Groundball, 4MD, EV 106.2 MPH)
Batting: LHB Michizane Yamashita 0-0: Called Strike
0-1: SINGLE (Groundball, 6MD, EV 103.1 MPH)
Alfredo Torres to second
Runner from 2nd tries for 3rd, SAFE, no throw by CF
Batting: RHB Rob Fuller 0-0: Ball
1-0: Called Strike
1-1: Fly out, F8 (Flyball, 8RS, EV 87.5 MPH)
Top of the 1st over - 0 runs, 2 hits, 0 errors, 2 left on base; Long Island 0 - Tulsa 0
BOTTOM OF THE 1ST
Tulsa Otters batting - Pitching for Long Island Ducks : RHP Katsumoto Ine
Pitching: RHP Katsumoto Ine
Batting: RHB José Rivas 0-0: Called Strike
0-1: Ball
1-1: Swinging Strike
1-2: Ball
2-2: Strikes out swinging
Batting: RHB Júlio Rivera 0-0: Ball
1-0: Ball
2-0: Ball
3-0: Called Strike
3-1: Swinging Strike
3-2: Fly out, F8 (Line Drive, 8LM, EV 106.9 MPH)
Batting: RHB Ricardo Dávila 0-0: Called Strike
0-1: Swinging Strike
0-2: Ball
1-2: Ball
2-2: SINGLE (Line Drive, 6MD, EV 98.1 MPH)
Batting: RHB Tim White 0-0: Swinging Strike
0-1: Ball
1-1: SINGLE (Line Drive, 89S, EV 105.6 MPH)
Ricardo Dávila to second
Batting: RHB Rick Caldwell 0-0: Ball
1-0: SINGLE (Line Drive, 8LS, EV 94.4 MPH)
Ricardo Dávila to third
Tim White to second
Runner from 3rd tries for Home, SAFE, throw by CF to home
Batting: RHB Donnie Williams 0-0: Fly out, F6 (Line Drive, 6, EV 73.8 MPH)
Bottom of the 1st over - 1 run, 3 hits, 0 errors, 2 left on base; Long Island 0 - Tulsa 1
TOP OF THE 2ND
Long Island Ducks batting - Pitching for Tulsa Otters : LHP Benjamin Renninger
Batting: RHB Shu-yaan Seema 0-0: Ball
1-0: Foul Ball, location: 2F
1-1: Foul Ball, location: 2F
1-2: Ball
2-2: Ball
3-2: Reached on error, E1 (Groundball, 25, EV 70.0 MPH)
Batting: LHB Danny Stone 0-0: SINGLE (Groundball, 6D, EV 104.4 MPH)
Shu-yaan Seema to second
Batting: RHB Al Ruíz 0-0: Called Strike
0-1: Ball
1-1: Called Strike
1-2: Ball
2-2: Ball
3-2: Foul Ball, location: 2F
3-2: Strikes out swinging
Batting: RHB Tom Kelley 0-0: Ball
1-0: Called Strike
1-1: Ball
2-1: Fly out, F8 (Flyball, 8LM, EV 94.4 MPH)
Batting: RHB George Samuels 0-0: Ball
1-0: Ball
2-0: Called Strike
2-1: Ball
3-1: Swinging Strike
3-2: Base on Balls
Shu-yaan Seema to third
Danny Stone to second
Batting: RHB Abdul Razzad Zaimukhes 0-0: Called Strike
0-1: Fly out, F7 (Flyball, 7S, EV 92.5 MPH)
Top of the 2nd over - 0 runs, 1 hit, 1 error, 3 left on base; Long Island 0 - Tulsa 1
BOTTOM OF THE 2ND
Tulsa Otters batting - Pitching for Long Island Ducks : RHP Katsumoto Ine
Batting: RHB Eric Erdman 0-0: Ball
1-0: Swinging Strike
1-1: Ball
2-1: Fly out, F8 (Flyball, 8RD, EV 101.2 MPH)
Batting: RHB Shun Kouyama 0-0: Called Strike
0-1: Ball
1-1: Fly out, F8 (Flyball, 8LD, EV 97.5 MPH)
Batting: RHB Ethan Lewis 0-0: Ball
1-0: Ball
2-0: Foul Ball, location: 2F
2-1: Called Strike
2-2: Ball
3-2: Foul Ball, location: 2F
3-2: Foul Ball, location: 2F
3-2: SINGLE (Groundball, 4D, EV 104.4 MPH)
Batting: RHB José Rivas 0-0: Swinging Strike
0-1: Swinging Strike
0-2: Ball
1-2: Ball
2-2: Strikes out looking
Bottom of the 2nd over - 0 runs, 1 hit, 0 errors, 1 left on base; Long Island 0 - Tulsa 1
TOP OF THE 3RD
Long Island Ducks batting - Pitching for Tulsa Otters : LHP Benjamin Renninger
Batting: RHB Alfredo Torres 0-0: Ball
1-0: Fly out, F7 (Flyball, 78M, EV 97.5 MPH)
Batting: LHB Michizane Yamashita 0-0: Ball
1-0: Called Strike
1-1: Ball
2-1: Called Strike
2-2: Foul Ball, location: 2F
2-2: Ball
3-2: Base on Balls
Batting: RHB Rob Fuller 0-0: Ball
1-0: Called Strike
1-1: Swinging Strike
1-2: Strikes out looking
Batting: RHB Shu-yaan Seema 0-0: Foul Ball, location: 2F
0-1: Fly out, F8 (Flyball, 78M, EV 83.8 MPH)
Top of the 3rd over - 0 runs, 0 hits, 0 errors, 1 left on base; Long Island 0 - Tulsa 1
BOTTOM OF THE 3RD
Tulsa Otters batting - Pitching for Long Island Ducks : RHP Katsumoto Ine
Batting: RHB Júlio Rivera 0-0: Ball
1-0: Fly out, F3 (Popup, 3, EV 62.5 MPH)
Batting: RHB Ricardo Dávila 0-0: Ground out 6-3 (Groundball, 56, EV 108.1 MPH)
Batting: RHB Tim White 0-0: SINGLE (Groundball, 3D, EV 105.0 MPH)
Batting: RHB Rick Caldwell 0-0: Ball
1-0: Ball
2-0: Called Strike
2-1: Swinging Strike
2-2: Fielders Choice at 2nd, 5-4 (Groundball, 5, EV 85.0 MPH)
Bottom of the 3rd over - 0 runs, 1 hit, 0 errors, 1 left on base; Long Island 0 - Tulsa 1
TOP OF THE 4TH
Long Island Ducks batting - Pitching for Tulsa Otters : LHP Benjamin Renninger
Batting: LHB Danny Stone 0-0: Ball
1-0: Called Strike
1-1: SINGLE (Groundball, 4MD, EV 98.1 MPH)
Batting: RHB Al Ruíz 0-0: Ball
1-0: DOUBLE (Line Drive, 78M, EV 102.5 MPH)
Danny Stone to third
Batting: RHB Tom Kelley 0-0: Fly out, F8 (Flyball, 8RD, EV 83.1 MPH)
Runner from 3rd tags up, SCORES, throw by CF
Batting: RHB George Samuels 0-0: SINGLE (Groundball, 56S, EV 72.5 MPH) (infield hit)
Al Ruíz to third
Batting: RHB Abdul Razzad Zaimukhes 0-0: Ball
1-0: Fly out, F7 (Flyball, 78M, EV 93.1 MPH)
Runner from 3rd tags up, SCORES, throw by LF
Batting: RHB Alfredo Torres 0-0: Ball
1-0: Fly out, F9 (Flyball, 9S, EV 90.0 MPH)
Top of the 4th over - 2 runs, 3 hits, 0 errors, 1 left on base; Long Island 2 - Tulsa 1
BOTTOM OF THE 4TH
Tulsa Otters batting - Pitching for Long Island Ducks : RHP Katsumoto Ine
Batting: RHB Donnie Williams 0-0: Fly out, F9 (Flyball, 9, EV 95.0 MPH)
Batting: RHB Eric Erdman 0-0: Called Strike
0-1: Foul Ball, location: 2F
0-2: Fly out, F4 (Popup, 34, EV 65.6 MPH)
Batting: RHB Shun Kouyama 0-0: Foul Ball, location: 2F
0-1: Foul Ball, location: 2F
0-2: Strikes out looking
Bottom of the 4th over - 0 runs, 0 hits, 0 errors, 0 left on base; Long Island 2 - Tulsa 1
TOP OF THE 5TH
Long Island Ducks batting - Pitching for Tulsa Otters : LHP Benjamin Renninger
Batting: LHB Michizane Yamashita 0-0: Ball
1-0: Called Strike
1-1: Fly out, F8 (Flyball, 8RM, EV 81.2 MPH)
Batting: RHB Rob Fuller 0-0: Ball
1-0: Ball
2-0: Foul Ball, location: 2F
2-1: Ball
3-1: Base on Balls
Batting: RHB Shu-yaan Seema 0-0: Ball
1-0: Foul Ball, location: 2F
1-1: Foul Ball, location: 2F
1-2: Strikes out looking
Batting: LHB Danny Stone 0-0: Ball
1-0: Foul Ball, location: 2F
1-1: Called Strike
1-2: Ball
2-2: Ground out 4-3 (Groundball, 4, EV 91.2 MPH)
Top of the 5th over - 0 runs, 0 hits, 0 errors, 1 left on base; Long Island 2 - Tulsa 1
BOTTOM OF THE 5TH
Tulsa Otters batting - Pitching for Long Island Ducks : RHP Katsumoto Ine
Batting: RHB Ethan Lewis 0-0: Called Strike
0-1: Called Strike
0-2: Ball
1-2: Fly out, F7 (Flyball, 7S, EV 82.5 MPH)
Batting: RHB José Rivas 0-0: Ball
1-0: Ground out 5-3 (Groundball, 56S, EV 62.5 MPH)
Batting: RHB Júlio Rivera 0-0: Ball
1-0: Foul Ball, location: 2F
1-1: Foul Ball, location: 2F
1-2: Strikes out swinging
Bottom of the 5th over - 0 runs, 0 hits, 0 errors, 0 left on base; Long Island 2 - Tulsa 1
TOP OF THE 6TH
Long Island Ducks batting - Pitching for Tulsa Otters : LHP Benjamin Renninger
Batting: RHB Al Ruíz 0-0: Ball
1-0: Called Strike
1-1: Ball
2-1: Ball
3-1: Called Strike
3-2: Foul Ball, location: 2F
3-2: Foul Ball, location: 2F
3-2: SINGLE (Groundball, 56, EV 101.9 MPH)
Pitching: LHP Mike Ramírez
Batting: RHB Tom Kelley 0-0: Called Strike
0-1: Bunted foul
0-2: Ball
1-2: Ball
2-2: Ball
3-2: Foul Ball, location: 2F
3-2: Fly out, F3 (Popup, 23F, EV 43.1 MPH)
Batting: RHB George Samuels 0-0: Ball
1-0: Called Strike
1-1: Called Strike
1-2: Fielders Choice at 2nd, 1-6 (Groundball, 13S, EV 70.6 MPH)
Batting: RHB Abdul Razzad Zaimukhes 0-0: Foul Ball, location: 2F
0-1: Ball
1-1: Ball
2-1: Swinging Strike
2-2: Strikes out looking
Top of the 6th over - 0 runs, 1 hit, 0 errors, 1 left on base; Long Island 2 - Tulsa 1
BOTTOM OF THE 6TH
Tulsa Otters batting - Pitching for Long Island Ducks : RHP Katsumoto Ine
Batting: RHB Ricardo Dávila 0-0: Ball
1-0: Ball
2-0: Ground out 3-1 (Groundball, 34, EV 85.0 MPH)
Batting: RHB Tim White 0-0: Ball
1-0: Ball
2-0: Ground out 6-3 (Groundball, 6, EV 101.9 MPH)
Batting: RHB Rick Caldwell 0-0: Ball
1-0: Called Strike
1-1: Foul Ball, location: 2F
1-2: Strikes out swinging
Bottom of the 6th over - 0 runs, 0 hits, 0 errors, 0 left on base; Long Island 2 - Tulsa 1
TOP OF THE 7TH
Long Island Ducks batting - Pitching for Tulsa Otters : LHP Mike Ramírez
Batting: RHB Alfredo Torres 0-0: Swinging Strike
0-1: Called Strike
0-2: Ball
1-2: Foul Ball, location: 2F
1-2: Foul Ball, location: 2F
1-2: Ball
2-2: Strikes out looking
Batting: LHB Michizane Yamashita 0-0: Ball
1-0: Ball
2-0: Ball
3-0: Called Strike
3-1: Foul Ball, location: 2F
3-2: Foul Ball, location: 2F
3-2: Strikes out swinging
Batting: RHB Rob Fuller 0-0: Called Strike
0-1: Foul Ball, location: 2F
0-2: Ground out 6-3 (Groundball, 56, EV 98.8 MPH)
Top of the 7th over - 0 runs, 0 hits, 0 errors, 0 left on base; Long Island 2 - Tulsa 1
BOTTOM OF THE 7TH
Tulsa Otters batting - Pitching for Long Island Ducks : RHP Katsumoto Ine
Batting: RHB Donnie Williams 0-0: Called Strike
0-1: Foul Ball, location: 2F
0-2: Strikes out swinging
Batting: RHB Eric Erdman 0-0: Fly out, F7 (Flyball, 7S, EV 81.9 MPH)
Batting: RHB Shun Kouyama 0-0: Ball
1-0: Ground out 5-3 (Groundball, 5, EV 83.1 MPH)
Bottom of the 7th over - 0 runs, 0 hits, 0 errors, 0 left on base; Long Island 2 - Tulsa 1
TOP OF THE 8TH
Long Island Ducks batting - Pitching for Tulsa Otters : LHP Mike Ramírez
Batting: RHB Shu-yaan Seema 0-0: Foul Ball, location: 2F
0-1: Ball
1-1: Foul Ball, location: 2F
1-2: Foul Ball, location: 2F
1-2: Foul Ball, location: 2F
1-2: Ball
2-2: SINGLE (Flyball, 9LS, EV 91.9 MPH)
Pitching: RHP Craig Brooks
Batting: LHB Danny Stone 0-0: Ball
1-0: Swinging Strike
1-1: Ball
2-1: Fly out, F5 (Popup, 5S, EV 85.0 MPH)
Batting: RHB Al Ruíz 0-0: Foul Ball, location: 2F
0-1: Foul Ball, location: 2F
0-2: Foul Ball, location: 2F
0-2: Ball
1-2: Ball
2-2: Ball
3-2: Foul Ball, location: 2F
3-2: SINGLE (Groundball, 5, EV 88.8 MPH) (infield hit)
Shu-yaan Seema to second
Pinch Runner at 2nd Brad Brown:
Batting: RHB Tom Kelley 0-0: Called Strike
0-1: Ball
1-1: Called Strike
1-2: Foul Ball, location: 2F
1-2: Ball
2-2: Foul Ball, location: 2F
2-2: Strikes out swinging
Batting: RHB George Samuels 0-0: Called Strike
0-1: Fielders Choice at 2nd, U6 (Groundball, 6M, EV 87.5 MPH)
Top of the 8th over - 0 runs, 2 hits, 0 errors, 2 left on base; Long Island 2 - Tulsa 1
BOTTOM OF THE 8TH
Tulsa Otters batting - Pitching for Long Island Ducks : RHP Katsumoto Ine
Now at 1B: Kao-tsu Ai
Batting: RHB Ethan Lewis 0-0: Ball
1-0: Called Strike
1-1: Foul Ball, location: 2F
1-2: Strikes out looking
Batting: RHB José Rivas 0-0: Called Strike
0-1: Called Strike
0-2: Strikes out looking
Batting: RHB Júlio Rivera 0-0: Fly out, F9 (Flyball, 9D, EV 88.1 MPH)
Bottom of the 8th over - 0 runs, 0 hits, 0 errors, 0 left on base; Long Island 2 - Tulsa 1
TOP OF THE 9TH
Long Island Ducks batting - Pitching for Tulsa Otters : RHP Craig Brooks
Batting: RHB Abdul Razzad Zaimukhes 0-0: Ball
1-0: Foul Ball, location: 2F
1-1: Ball
2-1: Foul Ball, location: 2F
2-2: Ground out 5-3 (Groundball, 56, EV 86.9 MPH)
Batting: RHB Alfredo Torres 0-0: Ball
1-0: Ball
2-0: Called Strike
2-1: Ball
3-1: Foul Ball, location: 2F
3-2: Foul Ball, location: 2F
3-2: SINGLE (Flyball, 4MD, EV 85.0 MPH)
Batting: LHB Michizane Yamashita 0-0: Ball
1-0: Ball
2-0: Ground out 4-3 (Groundball, 4, EV 88.1 MPH)
Alfredo Torres to second
Batting: RHB Rob Fuller 0-0: Called Strike
0-1: Ball
1-1: Foul Ball, location: 2F
1-2: Ball
2-2: Strikes out swinging
Top of the 9th over - 0 runs, 1 hit, 0 errors, 1 left on base; Long Island 2 - Tulsa 1
BOTTOM OF THE 9TH
Tulsa Otters batting - Pitching for Long Island Ducks : RHP Katsumoto Ine
Pitching: RHP Liu-liang Liu
Batting: RHB Ricardo Dávila 0-0: Foul Ball, location: 2F
0-1: Ball
1-1: Ball
2-1: Swinging Strike
2-2: Foul Ball, location: 2F
2-2: Ball
3-2: SINGLE (Groundball, 56S, EV 60.6 MPH) (infield hit)
Pinch Hitting: RHB Sergio Núńez 0-0: Called Strike
0-1: Fielders Choice at 2nd, 6-4 (Groundball, 6, EV 92.5 MPH)
Pinch Hitting: RHB Kevin Jackson 0-0: Ball
1-0: Called Strike
1-1: Fielders Choice at 2nd, 6-4 (Groundball, 6, EV 79.4 MPH)
Pinch Hitting: RHB John Rodríguez 0-0: Ball
1-0: Swinging Strike
1-1: Swinging Strike
1-2: Strikes out swinging
Bottom of the 9th over - 0 runs, 1 hit, 0 errors, 1 left on base; Long Island 2 - Tulsa 1
Friday, March 26th, 2021 - OOTP Baseball 20.8 Build 74